 Dungeon Sprint DCSS version 0.19.0-18-g426998a (webtiles) character file.

2988 poirepourri the Eclecticist (level 9, 0/73 HPs)
             Began as a Deep Elf Fire Elementalist on Nov 11, 2016.
             Was a High Priest of Vehumet.
             Slain by a killer bee (7 damage)
             ... in the Dungeon (Sprint III: "The Ten Rune Challenge").
             The game lasted 00:05:19 (2115 turns).

poirepourri the Eclecticist (DEFE)                  Turns: 2115, Time: 00:05:19

Health: 0/73       AC:  3    Str: 10    XL:     9   Next: 53%
Magic:  11/30      EV: 18    Int: 24    God:    Vehumet [*****.]
Gold:   35         SH:  0    Dex: 15    Spells: 9 memorised, 7 levels left

rFire  . . .     SeeInvis .     d - +0 short sword (venom)
rCold  . . .     Gourm    .     a - +0 robe
rNeg   . . .     Faith    .     (no shield)
rPois  .         Spirit   .     (no helmet)
rElec  .         Reflect  .     l - +0 cloak
rCorr  .         Harm     .     (no gloves)
MR     .....     NoTele   +     (no boots)
Stlth  ..........               (no amulet)
                                (no ring)
                                (no ring)

@: berserking, very quick
A: no striking features
a: Renounce Religion


You were in the Dungeon.
You worshipped Vehumet.
Vehumet was extremely pleased with you.
You were not hungry.

You visited 1 branch You collected 35 gold pieces.

Inventory:

Hand Weapons
 d - a +0 short sword of venom (weapon)
Missiles
 c - a throwing net (quivered)
Armour
 a - a +0 robe (worn)
 l - a +0 cloak (worn)
Wands
 e - a wand of confusion (16/48)
Potions
 g - 4 potions of magic
 k - 2 potions of lignification
 m - 2 potions of mutation
 r - 3 potions of cure mutation
 u - 2 potions of flight
Books
 b - a book of Flames

   Spells                             Type                      Level
   a - Flame Tongue                   Conjuration/Fire             1
   b - Throw Flame                    Conjuration/Fire             2
   c - Conjure Flame                  Conjuration/Fire             3
   d - Inner Flame                    Hexes/Fire                   3
   e - Sticky Flame                   Conjuration/Fire             4
   f - Fireball                       Conjuration/Fire             5
 n - a book of Minor Magic

   Spells                             Type                      Level
   a - Magic Dart                     Conjuration                  1
   b - Blink                          Translocation                2
   c - Call Imp                       Summoning                    2
   d - Repel Missiles                 Charms/Air                   2
   e - Slow                           Hexes                        2
   f - Conjure Flame                  Conjuration/Fire             3
   g - Mephitic Cloud                 Conjuration/Poison/Air       3
 o - a book of the Dragon

   Spells                             Type                      Level
   a - Flame Tongue                   Conjuration/Fire             1
   b - Cause Fear                     Hexes                        4
   c - Bolt of Fire                   Conjuration/Fire             6
   d - Dragon Form                    Transmutation                7
   e - Dragon's Call                  Summoning                    9
Comestibles
 q - 2 royal jellies


   Skills:
 + Level 2.4 Fighting
 + Level 9.0 Dodging
 + Level 5.7 Stealth
 + Level 15.0 Spellcasting
 + Level 11.2 Conjurations
 + Level 4.8 Hexes
 + Level 0.5 Necromancy
 + Level 13.5 Fire Magic


You had 7 spell levels left.
You knew the following spells:

 Your Spells              Type           Power        Failure   Level  Hunger
a - Flame Tongue          Conj/Fire      #####        1%          1    None
b - Throw Flame           Conj/Fire      ######       1%          2    None
c - Conjure Flame         Conj/Fire      ######..     1%          3    None
d - Sticky Flame          Conj/Fire      ######..     1%          4    None
e - Fireball              Conj/Fire      ######....   1%          5    ##.....
f - Throw Frost           Conj/Ice       #####.       1%          2    None
g - Bolt of Fire          Conj/Fire      ######....   1%          6    ####...
h - Dazzling Spray        Conj/Hex       ######       1%          3    None
i - Bolt of Draining      Conj/Necr      #####.....   2%          5    ##.....


Dungeon Overview and Level Annotations

Branches:
Dungeon (1/1)

Altars:
Cheibriados
Dithmenos
Elyvilon
Fedhas
Gozag
Hepliaklqana
Kikubaaqudgha
Makhleb
Nemelex Xobeh
Okawaru
Qazlal
Ru
Sif Muna
Trog
Uskayaw
Vehumet
Xom
Yredelemnul
Zin
The Shining One
Beogh
Jiyva
Lugonu


Message History

You feel a strong urge to attack something.
The killer bee misses you.
You hit the killer bee.
The killer bee is poisoned.
The killer bee is moderately wounded.
The killer bee barely misses you.
A killer bee comes into view.
You hit the killer bee.
The killer bee looks as sick as possible!
The killer bee is heavily wounded.
You feel sick.
You are no longer poisoned.
The killer bee completely misses you.
You miss the killer bee.
You kill the killer bee!
Vehumet accepts your kill.
You feel your power returning. The killer bee closely misses you.
You barely miss the killer bee. The killer bee closely misses you.
The killer bee stings you but does no damage.
You completely miss the killer bee. The killer bee stings you!
You die...

__[#__# __.#._# '###'## ......#
..)...# #####)#
__#...#+#########################
__#..)#....#.#.#.y†..#......'.%y≈
__#...##.#).#.##@###.#..^.y.#
__#...'##.#.#.##.#.)##y.^...#
__'...#.).#..#..##.y†yy.....#
▓▓▓▓▓▓▓▓▓▓▓▓▓▓▓▓▓▓▓▓#y....^.#
#^......# +.......# #....y..#
##+######


You could see a killer bee.

Vanquished Creatures
  Erolcha (D)
  A deep elf mage (D)
  2 redbacks (D)
  A shadow (D)
  2 hill giants (D)
  A spatial vortex (D)
  A necrophage (D)
  3 two-headed ogres (D)
  A water elemental (D)
  5 killer bees (D)
  A jelly (D)
  Crazy Yiuf (D)
  A wizard (D)
  A necromancer (D)
  3 humans (D)
  A kobold demonologist (D)
  2 oozes (D)
  2 rats (D)
30 creatures vanquished.

Vanquished Creatures (others)
  2 draconian scorchers (D)
  6 hellions (D)
  A yaktaur (D)
  4 plants (D)
13 creatures vanquished.

Grand Total: 43 creatures vanquished

Notes
Turn   | Place    | Note
-------+----------+-------------------------------------------
     0 | D        | poirepourri the Deep Elf Fire Elementalist began the quest for the Orb.
     0 | D        | Reached XP level 1. HP: 10/10 MP: 6/6
    30 | D        | Reached skill level 4 in Spellcasting
    30 | D        | Reached XP level 2. HP: 11/15 MP: 3/9
    71 | D        | Learned a level 2 spell: Throw Flame
   127 | D        | Killed a hellion
   136 | D        | Killed a yaktaur
   148 | D        | Killed a hellion
   148 | D        | Killed a hellion
   150 | D        | Killed a hellion
   150 | D        | Killed a hellion
   151 | D        | Killed a hellion
   181 | D        | Killed a white draconian scorcher
   200 | D        | Reached skill level 5 in Fire Magic
   200 | D        | Reached XP level 3. HP: 14/19 MP: 0/11
   233 | D        | Killed a white draconian scorcher
   280 | D        | Learned a level 3 spell: Conjure Flame
   308 | D        | Noticed Crazy Yiuf
   311 | D        | Killed Crazy Yiuf
   311 | D        | Reached skill level 5 in Spellcasting
   514 | D        | Noticed a water elemental
   517 | D        | Killed a water elemental
   517 | D        | Reached skill level 6 in Spellcasting
   517 | D        | Reached XP level 4. HP: 24/24 MP: 4/14
   590 | D        | Learned a level 4 spell: Sticky Flame
   602 | D        | Found a radiant altar of Vehumet.
   602 | D        | Found a deep blue altar of Sif Muna.
   602 | D        | Found an ancient bone altar of Kikubaaqudgha.
   602 | D        | Noticed a wizard
   605 | D        | Killed a wizard
   605 | D        | Reached skill level 7 in Spellcasting
   605 | D        | Reached XP level 5. HP: 28/28 MP: 11/16
   608 | D        | Reached skill level 1 in Fighting
   608 | D        | Reached skill level 5 in Dodging
   647 | D        | Became a worshipper of Vehumet
   673 | D        | Learned a level 5 spell: Fireball
   685 | D        | Found a hide-covered altar of Uskayaw.
   685 | D        | Found a roughly hewn altar of Beogh.
   685 | D        | Found an iron altar of Okawaru.
   685 | D        | Found a bloodstained altar of Trog.
   685 | D        | Noticed a human
   685 | D        | Noticed a human
   709 | D        | Killed a human
   709 | D        | Reached skill level 8 in Spellcasting
   709 | D        | Reached skill level 5 in Conjurations
   709 | D        | Reached XP level 6. HP: 20/34 MP: 4/19
   711 | D        | Killed a human
   711 | D        | Reached skill level 5 in Stealth
   711 | D        | Reached skill level 9 in Spellcasting
   711 | D        | Reached skill level 10 in Fire Magic
   827 | D        | Found a basalt altar of Yredelemnul.
   827 | D        | Found a shadowy altar of Dithmenos.
   827 | D        | Found a sacrificial altar of Ru.
   833 | D        | Reached * piety under Vehumet
   833 | D        | Offered knowledge of Freeze by Vehumet.
   833 | D        | Reached skill level 10 in Spellcasting
   833 | D        | Reached XP level 7. HP: 37/38 MP: 16/22
  1029 | D        | Found a glowing silver altar of Zin.
  1029 | D        | Found a glowing golden altar of the Shining One.
  1029 | D        | Found a white marble altar of Elyvilon.
  1029 | D        | Noticed a deep elf mage
  1032 | D        | Killed a deep elf mage
  1032 | D        | Reached skill level 11 in Spellcasting
  1032 | D        | Reached XP level 8. HP: 44/44 MP: 8/25
  1132 | D        | Offered knowledge of Throw Frost by Vehumet.
  1132 | D        | Reached ** piety under Vehumet
  1132 | D        | Reached skill level 12 in Spellcasting
  1158 | D        | Found a blossoming altar of Fedhas.
  1158 | D        | Found a stormy altar of Qazlal.
  1158 | D        | Found a snail-covered altar of Cheibriados.
  1158 | D        | Found a burning altar of Makhleb.
  1158 | D        | Found a shimmering altar of Xom.
  1163 | D        | Found a hazy altar of Hepliaklqana.
  1163 | D        | Found an opulent altar of Gozag.
  1163 | D        | Found a sparkling altar of Nemelex Xobeh.
  1163 | D        | Found a corrupted altar of Lugonu.
  1163 | D        | Found a viscous altar of Jiyva.
  1175 | D        | Learned a level 2 spell: Throw Frost
  1182 | D        | Learned a level 6 spell: Bolt of Fire
  1276 | D        | Offered knowledge of Dazzling Spray by Vehumet.
  1278 | D        | Reached *** piety under Vehumet
  1400 | D        | Learned a level 3 spell: Dazzling Spray
  1481 | D        | Offered knowledge of Olgreb's Toxic Radiance by Vehumet.
  1481 | D        | Reached skill level 13 in Spellcasting
  1701 | D        | Noticed Erolcha
  1735 | D        | Reached skill level 1 in Hexes
  1883 | D        | Killed Erolcha
  1883 | D        | Reached **** piety under Vehumet
  1883 | D        | Offered knowledge of Bolt of Draining by Vehumet.
  1883 | D        | Reached skill level 14 in Spellcasting
  1883 | D        | Reached skill level 10 in Conjurations
  1883 | D        | Reached XP level 9. HP: 49/49 MP: 10/29
  1890 | D        | Learned a level 5 spell: Bolt of Draining
  2079 | D        | Reached ***** piety under Vehumet
  2079 | D        | Reached skill level 15 in Spellcasting
  2081 | D        | Offered knowledge of Spellforged Servitor by Vehumet.
  2115 | D        | Slain by a killer bee

Skill      XL: |  1  2  3  4  5  6  7  8  9 |
---------------+----------------------------+-----
Fire Magic     | 4 5 7 8 9 10 11 13 | 13.5
Spellcasting   | 4 6 7 8 10 11 14 15 | 15.0
Dodging        | 3 4 6 7 8 9 |  9.0
Stealth        | 3 4 5 |  5.7
Conjurations   | 3 5 6 7 10 11 | 11.2
Fighting       | 1 2 |  2.4
Hexes          | 3 4 |  4.8
Necromancy     | |  0.5

Action                   |  1- 3 |  4- 6 |  7- 9 || total
-------------------------+-------+-------+-------++-------
Melee: Short sword       |       |       |     5 ||     5
 Cast: Flame Tongue      |    16 |    21 |    21 ||    58
       Throw Flame       |     5 |     3 |    10 ||    18
       Fireball          |       |       |    12 ||    12
       Dazzling Spray    |       |       |    19 ||    19
       Bolt of Fire      |       |       |     3 ||     3
       Conjure Flame     |       |       |     2 ||     2
       Bolt of Draining  |       |       |     5 ||     5
  Use: Scroll            |     7 |     1 |       ||     8
       Potion            |       |     3 |     2 ||     5
  Eat: Bread ration      |       |       |     2 ||     2
Armor: Robe              |       |       |     4 ||     4
Dodge: Dodged            |     5 |    20 |    49 ||    74
